 Dungeon Sprint DCSS version 0.23-a0-451-g1044d4c (webtiles) character file.

13469 Dfrag the Bludgeoner (level 12, -6/106 HPs)
             Began as a Formicid Fighter on Nov 23, 2018.
             Was the Champion of Makhleb.
             Mangled by a stone giant (11 damage)
             ... in the Dungeon (Sprint IX: "|||||||||||||||||||||||||||||").
             The game lasted 00:07:10 (2157 turns).

Dfrag the Bludgeoner (Formicid Fighter)             Turns: 2157, Time: 00:07:11

Health: -6/106     AC: 19    Str: 31    XL:     12   Next: 33%
Magic:  14/14      EV: 16    Int:  7    God:    Makhleb [******]
Gold:   1461       SH: 15    Dex: 14    Spells: 11/11 levels left

rFire    + + .     SeeInvis +   E - +1 double sword
rCold    x . .     Gourm    .   c - +0 shield
rNeg     . . .     Faith    .   G - +1 fire dragon scales
rPois    .         Spirit   .   (helmet unavailable)
rElec    .         Reflect  .   B - +0 cloak
rCorr    .         Harm     .   r - +0 pair of gloves
MR       +....                  s - +0 pair of boots
Stlth    +.........             (no amulet)
HPRegen  0.27/turn              v - +2 ring of protection
MPRegen  0.14/turn              u - +3 ring of strength

@: mighty
A: permanent stasis, dig shafts and tunnels, four strong arms, antennae 3
a: Dig, Minor Destruction, Lesser Servant of Makhleb, Major Destruction, Greater
Servant of Makhleb, Renounce Religion


You were in the Dungeon.
You worshipped Makhleb.
Makhleb was exalted by your worship.
You were hungry.

You visited 1 branch You collected 1461 gold pieces.

Inventory:

Hand Weapons
 a - a +0 flail
 p - a +2 halberd of venom
 q - a +2 morningstar of protection
 E - a +1 double sword (weapon)
 F - a +1 great sword
Armour
 b - a +0 scale mail
 c - a +0 shield (worn)
 r - a +0 pair of gloves (worn)
 s - a +0 pair of boots (worn)
 t - a +2 ring mail
 B - a +0 cloak (worn)
 G - +1 fire dragon scales (worn)
Jewellery
 u - a +3 ring of strength (right hand)
 v - a +2 ring of protection (left hand)
 C - an uncursed ring of ice
 D - an uncursed ring of poison resistance
Wands
 o - a wand of acid (3)
Scrolls
 k - 4 scrolls of blinking
 m - 5 scrolls of remove curse
 n - 2 scrolls of amnesia
 x - 2 scrolls of fog
 y - 2 scrolls of enchant armour
 z - 2 scrolls of identify
 A - a scroll of silence
 J - 2 scrolls of enchant weapon
Potions
 d - a potion of might
 e - 6 potions of curing
 g - 7 potions of heal wounds
 h - 2 potions of haste
 i - 4 potions of magic
 j - a potion of berserk rage
 l - a potion of invisibility
 w - 2 potions of resistance
 H - 2 potions of agility
 I - a potion of brilliance
Comestibles
 f - 14 rations


   Skills:
 - Level 13.8 Fighting
 * Level 6.1 Long Blades
 - Level 17.7 Maces & Flails
 + Level 10.8 Armour
 - Level 9.1 Dodging
 - Level 3.1 Stealth
 + Level 14.9 Shields
 - Level 3.3 Evocations


You had 11 spell levels left.
You didn't know any spells.
Your spell library was empty.

Dungeon Overview and Level Annotations

Branches:
Dungeon (1/1)

Altars:
Cheibriados
Dithmenos
Elyvilon
Fedhas
Gozag
Hepliaklqana
Kikubaaqudgha
Makhleb
Nemelex Xobeh
Okawaru
Qazlal
Ru
Sif Muna
Trog
Uskayaw
Vehumet
Wu Jian
Xom
Yredelemnul
Zin
The Shining One
Beogh
Jiyva
Lugonu

Shops:
D *==?


Innate Abilities, Weirdness & Mutations

You cannot be hasted, slowed, berserked, paralysed or teleported.
You can dig through walls and to a lower floor.
Your four strong arms can wield two-handed weapons with a shield.
You have a pair of large antennae on your head. (SInv)


Message History

You slash the stone giant!
The stone giant is heavily wounded.
The stone giant closely misses you.
You slash the stone giant!
The stone giant is severely wounded.
The stone giant closely misses you.
You slice the stone giant!!
The stone giant is severely wounded.
The stone giant hits you!!
* * * LOW HITPOINT WARNING * * *
You hit the stone giant but do no damage.
The stone giant is severely wounded.
The stone giant hits you but does no damage.
The crimson imp blinks!
The stone giant hits you!!
* * * LOW HITPOINT WARNING * * *
Unknown command.
You slash the stone giant!
The stone giant is almost dead.
The crimson imp blinks!
The stone giant hits you!
You die...

▓(▓.▓.▓.▓∩▓.▓{
{
▓.▓.▓.▓.▓)▓.▓.▓
{
▓.▓.▓.▓.▓∩▓.▓Z▓
{
▓.▓.▓.▓.▓)▓.▓G▓
{
▓.▓.▓.▓.▓∩▓.▓c▓
{
▓)▓.▓.▓.▓)▓.▓O▓
▓|▓.▓.▓.▓.▓.▓c▓
{
▓.▓.▓.▓.▓)▓.▓C▓
{
▓.▓.▓.▓.▓)▓.▓@▓
{
▓'▓.▓'▓.▓)▓.▓§▓
{
▓_▓.▓†▓.▓'▓.▓(▓
{
▓_▓.▓†▓.▓.▓.▓.▓
{
▓_▓.▓.▓.▓.▓.▓.▓
{
▓_▓.▓.▓.▓.▓.▓.▓
{
▓_▓.▓.▓.▓.▓.▓.▓
{
▓_▓.▓.▓.▓.▓.▓5▓
▓_▓.▓.▓.▓.▓.▓.▓
{


You could see a stone giant, a great orb of eyes, a centaur warrior, a
two-headed ogre, a yaktaur, a crimson imp and an adder skeleton.

Vanquished Creatures
  A stone giant (D)
  2 orc high priests (D)
  2 orc knights (D)
  3 orc sorcerers (D)
  2 ugly things (D)
  8 elephants (D)
  A black mamba (D)
  Psyche (D)
  2 spiny frogs (D)
  A rime drake (D)
  2 komodo dragons (D)
  A tengu conjurer (D)
  A hornet (D)
  2 hippogriffs (D)
  3 yaks (D)
  A wraith (D)
  A vampire mosquito (D)
  A water moccasin (D)
  A porcupine (D)
  A black bear (D)
  11 orc warriors (D)
  An eye of draining (D)
  An ogre (D)
  2 centaurs (D)
  2 crocodiles (D)
  3 bullfrogs (D)
  3 orc priests (D)
  5 orc wizards (D)
  An iguana (D)
  A worker ant (D)
  A shadow imp (D)
  A worm (D)
  A leopard gecko (D)
  14 orcs (D)
  A bat skeleton (D)
  2 goblins (D)
  A hobgoblin (D)
  A ball python zombie (D)
  A frilled lizard (D)
  A rat (D)
91 creatures vanquished.

Vanquished Creatures (others)
  A sky beast (D)
1 creature vanquished.

Grand Total: 92 creatures vanquished

Notes
Turn   | Place    | Note
-------+----------+-------------------------------------------
     0 | D        | Dfrag the Formicid Fighter began the quest for the Orb.
     0 | D        | Reached XP level 1. HP: 18/18 MP: 1/1
   147 | D        | Noticed an ogre
   147 | D        | Noticed an iguana
   147 | D        | Noticed a centaur
   156 | D        | Killed a centaur
   156 | D        | Reached skill level 5 in Fighting
   156 | D        | Reached skill level 4 in Maces & Flails
   156 | D        | Reached skill level 5 in Armour
   156 | D        | Reached skill level 5 in Shields
   156 | D        | Reached XP level 2. HP: 19/27 MP: 2/2
   156 | D        | Reached XP level 3. HP: 23/33 MP: 3/3
   156 | D        | Reached XP level 4. HP: 28/39 MP: 4/4
   158 | D        | Reached skill level 5 in Maces & Flails
   158 | D        | Reached skill level 1 in Dodging
   158 | D        | Reached XP level 5. HP: 33/46 MP: 5/5
   162 | D        | Killed an ogre
   162 | D        | Reached skill level 6 in Maces & Flails
   162 | D        | Reached XP level 6. HP: 39/53 MP: 6/6
   171 | D        | Found a roughly hewn altar of Beogh.
   171 | D        | Found a snail-covered altar of Cheibriados.
   171 | D        | Found a shadowy altar of Dithmenos.
   171 | D        | Found a white marble altar of Elyvilon.
   171 | D        | Found a blossoming altar of Fedhas.
   171 | D        | Found an opulent altar of Gozag.
   172 | D        | Found a hazy altar of Hepliaklqana.
   173 | D        | Found a viscous altar of Jiyva.
   174 | D        | Found an ancient bone altar of Kikubaaqudgha.
   175 | D        | Found a corrupted altar of Lugonu.
   176 | D        | Found a burning altar of Makhleb.
   177 | D        | Found a sparkling altar of Nemelex Xobeh.
   178 | D        | Found an iron altar of Okawaru.
   179 | D        | Found a stormy altar of Qazlal.
   180 | D        | Found a sacrificial altar of Ru.
   181 | D        | Found a deep blue altar of Sif Muna.
   182 | D        | Found a bloodstained altar of Trog.
   183 | D        | Found a hide-covered altar of Uskayaw.
   184 | D        | Became a worshipper of Makhleb the Destroyer
   185 | D        | Found a radiant altar of Vehumet.
   186 | D        | Found an ornate altar of the Wu Jian Council.
   187 | D        | Found a shimmering altar of Xom.
   188 | D        | Found a basalt altar of Yredelemnul.
   189 | D        | Found a glowing silver altar of Zin.
   190 | D        | Found a glowing golden altar of the Shining One.
   248 | D        | Noticed a wraith
   248 | D        | Noticed a hippogriff
   248 | D        | Noticed an eye of draining
   254 | D        | Killed an eye of draining
   254 | D        | Reached skill level 7 in Maces & Flails
   260 | D        | Reached * piety under Makhleb
   260 | D        | Reached skill level 8 in Maces & Flails
   271 | D        | Killed a hippogriff
   271 | D        | Reached skill level 9 in Maces & Flails
   271 | D        | Reached XP level 7. HP: 53/61 MP: 2/7
   283 | D        | Killed a wraith
   283 | D        | Reached ** piety under Makhleb
   283 | D        | Reached skill level 10 in Maces & Flails
   403 | D        | Noticed a green ugly thing
   403 | D        | Noticed a vampire mosquito
   403 | D        | Noticed a hornet
   405 | D        | Reached XP level 8. HP: 68/68 MP: 8/8
   415 | D        | Killed a hornet
   415 | D        | Reached skill level 11 in Maces & Flails
   415 | D        | Reached skill level 1 in Stealth
   423 | D        | Killed a green ugly thing
   423 | D        | Reached *** piety under Makhleb
   423 | D        | Reached skill level 12 in Maces & Flails
   423 | D        | Reached skill level 10 in Shields
   432 | D        | Reached XP level 9. HP: 55/76 MP: 9/9
   722 | D        | Noticed a black mamba
   722 | D        | Noticed a spiny frog
   722 | D        | Noticed a komodo dragon
   722 | D        | Noticed a spiny frog
   724 | D        | Reached skill level 5 in Dodging
   724 | D        | Noticed a hippogriff
   725 | D        | Noticed a komodo dragon
   728 | D        | Killed a spiny frog
   728 | D        | Reached **** piety under Makhleb
   728 | D        | Reached skill level 13 in Maces & Flails
   757 | D        | Killed a komodo dragon
   758 | D        | Killed a spiny frog
   758 | D        | Reached skill level 10 in Fighting
   758 | D        | Reached skill level 1 in Evocations
   765 | D        | Killed a black mamba
   765 | D        | Reached ***** piety under Makhleb
   765 | D        | Reached skill level 14 in Maces & Flails
   765 | D        | Reached XP level 10. HP: 29/86 MP: 10/10
   775 | D        | Killed a komodo dragon
  1060 | D        | Noticed a rime drake
  1087 | D        | Reached ****** piety under Makhleb
  1096 | D        | Killed a rime drake
  1096 | D        | Reached skill level 15 in Maces & Flails
  1096 | D        | Reached skill level 10 in Armour
  1199 | D        | Noticed an elephant
  1199 | D        | Noticed an elephant
  1199 | D        | Noticed an elephant
  1199 | D        | Noticed an elephant
  1199 | D        | Noticed an elephant
  1199 | D        | Noticed an elephant
  1202 | D        | Noticed an elephant
  1206 | D        | Killed an elephant
  1213 | D        | Killed an elephant
  1213 | D        | Noticed an elephant
  1219 | D        | Killed an elephant
  1227 | D        | Killed an elephant
  1227 | D        | Reached XP level 11. HP: 95/95 MP: 12/12
  1231 | D        | Killed an elephant
  1231 | D        | Reached skill level 16 in Maces & Flails
  1238 | D        | Killed an elephant
  1242 | D        | Killed an elephant
  1249 | D        | Killed an elephant
  1512 | D        | Reached skill level 17 in Maces & Flails
  1597 | D        | Found Byuleed's Magic Scroll Boutique.
  1597 | D        | Noticed an orc sorcerer
  1597 | D        | Noticed an orc high priest
  1597 | D        | Noticed an orc high priest
  1600 | D        | Found Ukhlups's Jewellery Shop.
  1600 | D        | Noticed an orc sorcerer
  1615 | D        | Killed an orc high priest
  1618 | D        | Killed an orc high priest
  1619 | D        | Noticed an orc sorcerer
  1620 | D        | Killed an orc sorcerer
  1622 | D        | Found Woarod's Jewellery Boutique.
  1622 | D        | Noticed a sixfirhy
  1624 | D        | Killed an orc sorcerer
  1626 | D        | Noticed an orc knight
  1634 | D        | Killed an orc sorcerer
  1635 | D        | Found Viguzo's Assorted Antiques.
  1640 | D        | Noticed an orc knight
  1648 | D        | Killed an orc knight
  1648 | D        | Reached XP level 12. HP: 50/105 MP: 14/14
  1990 | D        | Noticed Psyche
  1999 | D        | Killed Psyche
  2107 | D        | Noticed a centaur warrior
  2108 | D        | Noticed a two-headed ogre
  2125 | D        | Noticed a stone giant
  2132 | D        | Noticed a stone giant
  2134 | D        | Noticed a great orb of eyes
  2145 | D        | Killed a stone giant
  2156 | D        | HP: 5/106 [stone giant (19)]
  2157 | D        | Mangled by a stone giant

Vault maps used:
D:        linesprint

Skill      XL: |  1  2  3  4  5  6  7  8  9 10 11 12 |
---------------+-------------------------------------+-----
Fighting       | 5 6 7 8 9 10 11 13 | 13.8
Maces & Flails | 4 5 6 9 10 12 14 15 17 | 17.7
Armour         | 5 6 7 8 9 10 | 10.8
Shields        | 5 6 7 8 9 10 11 12 14 | 14.9
Dodging        | 1 2 3 4 6 7 9 |  9.1
Stealth        | 1 2 3 |  3.1
Evocations     | 1 2 3 |  3.3
Long Blades    | 6 |  6.1

Action                   |  1- 3 |  4- 6 |  7- 9 | 10-12 || total
-------------------------+-------+-------+-------+-------++-------
Melee: Flail             |    23 |     9 |       |       ||    32
       Morningstar       |       |    22 |    71 |   272 ||   365
       Double sword      |       |       |       |    46 ||    46
Evoke: Wand              |       |       |     3 |     4 ||     7
  Use: Potion            |       |       |       |     1 ||     1
 Stab: Distracted        |       |       |       |     1 ||     1
  Eat: Chunk             |       |       |       |     4 ||     4
Armor: Scale mail        |     5 |     1 |       |       ||     6
       Ring mail         |       |    18 |    11 |    48 ||    77
       Fire dragon scale |       |       |       |    19 ||    19
Dodge: Dodged            |     9 |    11 |    18 |    93 ||   131
Block: Shield            |    12 |    17 |    34 |   153 ||   216
       Rpst.: Double sword |       |       |       |     8 ||     8

Table legend:
 A = Non-vault XP
 B = Vault XP
 C = Vault XP percentage of total XP
 D = Non-vault monster count
 E = Vault monster count
 F = Vault count percentage of total count
                 A         B        C        D         E       F
            +---------+---------+-------+---------+---------+-------
      Total |       0 |   19242 | 100.0 |       0 |      92 | 100.0
            +---------+---------+-------+---------+---------+-------
          D |       0 |   19242 | 100.0 |       0 |      92 | 100.0
            +---------+---------+-------+---------+---------+-------
